 Dungeon Crawl Stone Soup version bcrawl-1.40.3b (webtiles) character file.

Game seed: 10837687624157880919

461176 Galewind the Devastator (level 15, -18/86 HPs)
             Began as an Avariel Conjurer on Feb 19, 2024.
             Was a High Priest of Vehumet.
             Demolished by a shambling mangrove (21 damage)
             ... on level 2 of the Lair of Beasts on Feb 21, 2024.
             The game lasted 00:40:44 (22452 turns).

Galewind the Devastator (Avariel Conjurer)         Turns: 22452, Time: 00:40:45

Health: -18/86     AC: 12    Str:  6    XL:     15   Next: 41%
Magic:  5/35       EV: 21    Int: 28    God:    Vehumet [*****.]
Gold:   411        SH:  0    Dex: 17    Spells: 7/42 levels left

rFire    + . .     GDR:     28% I - staff of earth
rCold    . . .     SeeInvis .   (no shield)
rNeg     . . .     Gourm    .   w - +2 leather armour of the Swamp {rCorr Dex+4 Stlth+}
rPois    .         Faith    .   v - +2 helmet
rElec    .         Spirit   .   (no cloak)
rCorr    +         Reflect  .   (no gloves)
MR       +....                  B - +0 pair of boots
Stlth    +++.......             (no amulet)
HPRegen  0.24/turn              t - ring of fire
MPRegen  0.24/turn              b - ring of protection from cold

@: grasped by roots, flying quickly and evasively, slowed, constricted, deflect
missiles, very slow
A: able to fly
a: Stop Flying, Renounce Religion


You were on level 2 of the Lair of Beasts.
You worshipped Vehumet.
Vehumet was extremely pleased with you.
You were hungry.

You visited 7 branches of the dungeon, and saw 20 of its levels.
You also visited: Volcano.

You collected 2183 gold pieces.
You spent 1772 gold pieces at shops.

Inventory:

Hand Weapons
 S - a +0 quick blade of flaming
Missiles
 A - a throwing net {=f}
Armour
 v - a +2 helmet (worn)
 w - the +2 leather armour of the Swamp (worn) {rCorr Dex+4 Stlth+}
   (You bought it in a shop on level 5 of the Dungeon)

   It affects your dexterity (+4).
   It provides partial protection from all sources of acid and corrosion.
   It makes you more stealthy.
 B - a +0 pair of boots (worn)
Magical Staves
 H - an uncursed staff of cold
 I - an uncursed staff of earth (weapon)
 K - an uncursed staff of poison
Jewellery
 b - a ring of protection from cold (right hand)
 f - an uncursed ring of wizardry
 i - an uncursed amulet of guardian spirit {unknown}
 l - an uncursed ring of magical power {unknown}
 t - a ring of fire (left hand)
Wands
 G - a wand of paralysis (12)
 P - a wand of polymorph (18)
 Q - a wand of charming (6)
Scrolls
 h - 4 scrolls of amnesia
 j - 6 scrolls of remove curse
 q - 4 scrolls of fog
 s - 4 scrolls of teleportation
 y - 3 scrolls of brand weapon
 z - 2 scrolls of immolation
 C - 2 scrolls of enchant weapon
 E - a scroll of silence
 F - 2 scrolls of enchant armour
 J - a scroll of vulnerability
 N - a scroll of summoning
 O - 2 scrolls of fear
Potions
 a - 2 potions of berserk rage
 c - 3 potions of magic
 d - 4 potions of flight
 g - 5 potions of haste
 k - a potion of heal wounds
 m - 3 potions of might
 n - 4 potions of lignification
 o - 3 potions of mutation {unknown}
 r - 4 potions of ambrosia {unknown}
 u - 6 potions of curing
 x - a potion of resistance {unknown}
 D - a potion of invisibility {unknown}
 L - 4 potions of agility {unknown}
 M - 2 potions of brilliance {unknown}
 T - a potion of degeneration
Comestibles
 e - 40 rations {!d}


   Skills:
 - Level 7.0 Fighting
 - Level 13.0 Dodging
 - Level 2.1 Stealth
 - Level 0.6 Unarmed Combat
 - Level 14.0 Spellcasting
 - Level 15.0 Conjurations
 - Level 9.0 Charms
 - Level 5.0 Necromancy
 - Level 12.0 Fire Magic
 + Level 4.7 Ice Magic
 - Level 9.0 Air Magic


You had 7 spell levels left.
You knew the following spells:

 Your Spells              Type           Power        Failure   Level  Hunger
a - Magic Dart            Conj           ####         0%          1    None
b - Fireball              Conj/Fire      #######...   1%          5    None
c - Iskenderun's Mystic   Conj           #######.     1%          3    None
d - Swiftness             Chrm/Air       ######..     1%          2    None
e - Sticky Flame          Conj/Fire      #######.     1%          4    None
f - Bolt of Draining      Conj/Necr      ######....   1%          5    None
g - Searing Ray           Conj           #######.     0%          2    None
h - Deflect Missiles      Chrm/Air       ######....   16%         6    ###....
i - Icicle Burst          Conj/Ice       ######....   16%         7    #####..

Your spell library contained the following spells:

 Spells                   Type           Power        Failure   Level  Hunger
 Flame Tongue             Conj/Fire      #####        0%          1    None
 Static Discharge         Air            ######       1%          1    None
 Flaming Arrows           Chrm/Fire      #######.     1%          2    None
 Shock                    Conj/Air       ######.      1%          2    None
 Conjure Flame            Conj/Fire      #######.     1%          3    None
 Inner Flame              Hex/Fire       N/A          1%          3    None
 Mephitic Cloud           Conj/Pois/Air  ######..     1%          3    None
 Airstrike                Air            ######....   1%          4    None
 Fulminant Prism          Conj/Hex       ######....   1%          4    None
 Lightning Bolt           Conj/Air       ######..     1%          4    None
 Irradiate                Conj/Tmut      ######....   1%          5    None
 Summon Small Mammal      Summ           ###.         4%          1    None
 Call Imp                 Summ           ###...       6%          2    None
 Call Canine Familiar     Summ           ###.....     12%         3    None
 Summon Ice Beast         Ice/Summ       ####....     16%         4    None
 Silence                  Hex/Air        #####.....   19%         5    None
 Summon Lightning Spire   Summ/Air       #####...     19%         5    None
 Tree Form                Hex/Tmut       N/A          38%         4    None
 Statue Form              Tmut/Erth      ####.....    99%         6    None
 Dragon Form              Tmut           ###....      100%        7    #####..
 Necromutation            Tmut/Necr      ####....     100%        8    ######.
 Tornado                  Tloc/Air       #####.....   100%        8    ######.


Dungeon Overview and Level Annotations

Branches:
Dungeon (9/12)             Temple (1/1) D:6            Lair (6/6) D:8
  Swamp (1/3) Lair:2       Spider (1/3) Lair:2        Slime (0/5) Orc
    Orc (1/1) D:8          Forest (1/3) Lair:6

Altars:
Ashenzari
Cheibriados
Dithmenos
Elyvilon
Fedhas
Gozag
Hepliaklqana
Kikubaaqudgha
Lugonu
Makhleb
Nemelex Xobeh
Okawaru
Qazlal
Ru
Sif Muna
Trog
Uskayaw
Vehumet
Wu Jian
Xom
Yredelemnul
Zin
The Shining One
Jiyva

Shops:
D:5 *   D:7 [   D:8 }   Orc !%*(*

Annotations:
Orc 1 runed door


Innate Abilities, Weirdness & Mutations

You can fly continuously.


Message History

Press: ? - help, Shift-Dir - straight line
Okay, then.
Casting: Fireball (safe; 1% risk of failure)
Confirm with . or Enter, or press ? or * to list all spells.
Aiming: Sticky Flame (safe; 1% risk of failure)
Press: ? - help, Shift-Dir - straight line, f - shambling mangrove
Aim: a shambling mangrove (thin mist, almost destroyed)
You feel a surge of power!
The sticky flame hits the shambling mangrove but does no damage.
The shambling mangrove is almost destroyed.
The shambling mangrove is covered in liquid flames!
The flames covering the shambling mangrove go out.
The shambling mangrove stops burning.
The hornet is engulfed in a cloud of scalding steam.
Unknown command.
The roots' grasp on you weakens, but your attempt to escape fails.
The hornet stings you.
You feel yourself slow down. The shambling mangrove hits you!!
* * * LOW HITPOINT WARNING * * *
You die...

## #.......## ##♣≈♣## .##
#....#...## ##≈≈≈≈≈# ..##
####.#....### #≈≈≈≈≈≈≈ ...##
##.......### ###♣≈≈≈≈≈≈ ....##
#........#.# #.#♣P...≈♣ .....##
##.#.....§#####.##.....#
......######......§.#.....#......
.......##.#......§§..............
........#.......@y§≈.§...........
##.......#......yf♣≈§............
##......<.....y§♣§≈§............
##............≈♣§§♣............
##............≈§≈............. #
#.#......................P....
#####..........######........P...
.##.............# #........#...
................## ###..........


You could see a shambling mangrove and 3 hornets.

Vanquished Creatures
  2 wendigos (Forest:1)
  2 orc warlords (Orc)
  2 spriggan defenders (Forest:1)
  A dire elephant (Forest:1)
  A spriggan air mage (Forest:1)
  4 hydras
  A catoblepas (Lair:6)
  An anaconda (Lair:5)
  2 two-headed ogres
  An orc high priest (Orc)
  4 centaur warriors
  3 orc knights (Orc)
  4 cyclopes (Orc)
  2 oklob plants (Lair:1)
  A necromancer (Lair:4)
  An ugly thing (Volcano)
  5 orc sorcerers
  A manticore (D:9)
  11 elephants
  A water nymph (Forest:1)
  A black mamba (Lair:6)
  22 cane toads
  A smoke demon (Volcano)
  A gargoyle (D:8)
  2 rime drakes (Lair:2)
  3 komodo dragons
  A tengu conjurer (D:9)
  An eye of draining (D:9)
  2 red devils (Volcano)
  6 trolls
  2 polar bears
  3 tyrant leeches (Lair:6)
  8 saltlings (Orc)
  26 blink frogs
  4 slime creatures (Swamp:1)
  2 hornets (Forest:1)
  16 hippogriffs
  4 bog bodies
  5 dream sheep
  Grum (Lair:4)
  2 spriggans (Forest:1)
  32 yaks
  7 water elementals
  6 basilisks
  6 vampire mosquitoes
  3 wargs
  A swamp worm (Swamp:1)
  An acid dragon (Lair:4)
  14 crocodiles
  7 water moccasins
  3 hell hounds (Volcano)
  4 porcupines
  4 black bears
  3 elephant zombies (Lair:4)
  An ice beast (D:9)
  13 orc warriors
  3 sky beasts
  7 ogres
  20 wolves
  4 boggarts (Lair:5)
  A kobold brigand (D:9)
  25 bullfrogs
  5 scorpions
  2 centaurs
  6 electric eels
  2 howler monkeys
  8 orc priests
  5 crimson imps
  A quasit (D:8)
  2 hounds
  A jelly (D:5)
  14 orc wizards
  2 bullfrog skeletons
  6 iguanas
  5 worker ants
  Terence (D:1)
  A crocodile zombie (Lair:4)
  2 hound skeletons
  A howler monkey zombie (D:3)
  Robin (D:2)
  10 gnolls
  11 adders
  5 shadow imps
  2 adder skeletons
  3 adder zombies
  4 worms
  2 dart slugs
  5 leopard geckos (D:1)
  79 orcs
  7 bats
  5 giant cockroaches
  16 goblins
  14 hobgoblins
  13 jackals
  18 kobolds
  6 quokkas
  5 ball pythons
  2 frilled lizards
  2 quokka skeletons
  4 rats
  A fungus (Lair:6)
  5 pillars of salt (Orc)
  8 plants
620 creatures vanquished.

Vanquished Creatures (collateral kills)
  An orc warrior (Orc)
  An orc (Orc)
2 creatures vanquished.

Vanquished Creatures (others)
  10 fungi
  13 pillars of salt (Orc)
  62 plants
  4 toadstools (Swamp:1)
89 creatures vanquished.

Grand Total: 711 creatures vanquished

Notes
Turn   | Place    | Note
-------+----------+-------------------------------------------
     0 | D:1      | Galewind the Avariel Conjurer began the quest for the Orb.
     0 | D:1      | Reached XP level 1. HP: 10/10 MP: 6/6
    64 | D:1      | Reached XP level 2. HP: 12/15 MP: 1/7
   262 | D:1      | Reached skill level 6 in Conjurations
   265 | D:1      | Learned a level 2 spell: Searing Ray
   340 | D:1      | Reached XP level 3. HP: 19/19 MP: 7/9
   344 | D:1      | Learned a level 3 spell: Iskenderun's Mystic Blast
   986 | D:2      | Noticed Terence
  1046 | D:1      | Killed Terence
  1047 | D:1      | Reached XP level 4. HP: 21/24 MP: 1/11
  1125 | D:2      | Found a faded altar of an unknown god.
  1341 | D:2      | Found a shattered altar of Ashenzari.
  1359 | D:2      | Noticed Robin
  1377 | D:2      | Reached skill level 7 in Conjurations
  1546 | D:2      | Killed Robin
  1820 | D:3      | Reached XP level 5. HP: 28/28 MP: 10/13
  2273 | D:3      | Reached skill level 5 in Spellcasting
  2275 | D:3      | Reached XP level 6. HP: 32/32 MP: 5/15
  3202 | D:3      | Reached skill level 8 in Conjurations
  3320 | D:4      | Reached XP level 7. HP: 37/37 MP: 7/17
  3450 | D:4      | Found a basalt altar of Yredelemnul.
  3748 | D:4      | Found a shadowy altar of Dithmenos.
  3956 | D:5      | Entered Level 5 of the Dungeon
  3970 | D:5      | Reached skill level 9 in Conjurations
  4243 | D:5      | Reached skill level 1 in Fighting
  4243 | D:5      | Reached XP level 8. HP: 43/43 MP: 10/20
  4400 | D:5      | Reached skill level 10 in Conjurations
  4478 | D:5      | Found a hide-covered altar of Uskayaw.
  4924 | D:5      | Found Famn's General Store.
  4938 | D:5      | Bought the +2 leather armour of the Swamp {rCorr Dex+4
                  | Stlth+} for 412 gold pieces
  4938 | D:5      | Bought a scroll of enchant armour for 90 gold pieces
  5287 | D:6      | Found a glowing golden altar of the Shining One.
  5344 | D:6      | Gained mutation: You can fly continuously. [Avariel growth]
  5344 | D:6      | Reached XP level 9. HP: 43/48 MP: 5/24
  5430 | D:6      | Reached skill level 11 in Conjurations
  5447 | D:6      | Found a glowing golden altar of the Shining One.
  5799 | D:6      | Found a staircase to the Ecumenical Temple.
  5900 | Temple   | Entered the Ecumenical Temple
  6005 | Temple   | Became a worshipper of Vehumet
  6268 | D:7      | Noticed a centaur warrior
  6273 | D:7      | Killed a centaur warrior
  6274 | D:7      | Reached skill level 10 in Spellcasting
  6384 | D:7      | Reached skill level 12 in Conjurations
  6526 | D:7      | Found Jaopur's Antique Armour Boutique.
  7069 | D:8      | Found Rodalih's Gadget Emporium.
  7069 | D:8      | Noticed a gargoyle
  7071 | D:8      | Killed a gargoyle
  7072 | D:8      | Reached XP level 10. HP: 13/54 MP: 16/28
  7245 | D:8      | Reached skill level 5 in Dodging
  7272 | D:8      | Reached * piety under Vehumet
  7272 | D:8      | Offered knowledge of Sting by Vehumet.
  7360 | D:8      | Found a staircase to the Lair.
  8875 | D:8      | Found a staircase to the Orcish Mines.
  8920 | D:8      | Noticed a centaur warrior
  9026 | Lair:1   | Entered Level 1 of the Lair of Beasts
  9030 | Lair:1   | Noticed a five-headed hydra
  9033 | Lair:1   | Killed a five-headed hydra
  9037 | Lair:1   | Learned a level 2 spell: Swiftness
  9116 | Lair:1   | Found a blossoming altar of Fedhas.
  9222 | Lair:1   | Reached ** piety under Vehumet
  9224 | Lair:1   | Reached skill level 1 in Charms
  9224 | Lair:1   | Reached skill level 1 in Air Magic
  9229 | Lair:1   | Offered knowledge of Flame Tongue by Vehumet.
  9230 | Lair:1   | Reached skill level 5 in Fighting
  9230 | Lair:1   | Reached XP level 11. HP: 42/63 MP: 5/29
  9527 | D:8      | Killed a centaur warrior
  9797 | Lair:1   | Reached skill level 10 in Dodging
 10053 | Lair:1   | Noticed an oklob plant
 10058 | Lair:1   | Noticed an oklob plant
 10062 | Lair:1   | Killed an oklob plant
 10146 | Lair:1   | Killed an oklob plant
 10879 | Lair:2   | Found a hole to the Spider Nest.
 11090 | Lair:2   | Reached skill level 13 in Conjurations
 11094 | Lair:2   | Offered knowledge of Stone Arrow by Vehumet.
 11533 | Lair:2   | Found a staircase to the Swamp.
 11824 | Spider:1 | Entered Level 1 of the Spider Nest
 11824 | Spider:1 | Noticed a wolf spider
 11941 | Lair:3   | Reached *** piety under Vehumet
 12120 | Lair:3   | Reached XP level 12. HP: 68/68 MP: 24/31
 12298 | Lair:3   | Reached skill level 14 in Conjurations
 12457 | Lair:3   | Reached skill level 15 in Conjurations
 13206 | Lair:4   | Offered knowledge of Sticky Flame by Vehumet.
 13545 | Lair:4   | Noticed Grum
 13554 | Lair:4   | Killed Grum
 13648 | Lair:4   | Learned a level 4 spell: Sticky Flame
 14430 | Lair:5   | Reached skill level 1 in Fire Magic
 14506 | Lair:5   | Reached **** piety under Vehumet
 14507 | Lair:5   | Reached XP level 13. HP: 76/76 MP: 31/33
 14564 | Lair:5   | Offered knowledge of Bolt of Draining by Vehumet.
 14577 | Lair:5   | Learned a level 5 spell: Bolt of Draining
 15499 | Lair:6   | Entered Level 6 of the Lair of Beasts
 15698 | Lair:5   | Reached skill level 5 in Fire Magic
 16399 | Lair:6   | Found a staircase to the Spriggan Forest.
 16428 | Lair:6   | Reached skill level 1 in Necromancy
 16721 | Lair:5   | Reached skill level 5 in Necromancy
 16922 | Lair:6   | Reached ***** piety under Vehumet
 16973 | Lair:6   | Offered knowledge of Fireball by Vehumet.
 16995 | Lair:6   | Reached XP level 14. HP: 82/82 MP: 8/34
 17448 | Lair:6   | Reached skill level 10 in Fire Magic
 17968 | Orc      | Entered the Orcish Mines
 17975 | Orc      | Learned a level 5 spell: Fireball
 18307 | Orc      | Found a dark tunnel.
 18323 | Orc      | Learned a level 6 spell: Deflect Missiles
 18324 | Volcano  | Entered a volcano
 18844 | Orc      | Found a runed door.
 18844 | Orc      | Found a viscous altar of Jiyva.
 18845 | Orc      | Found a staircase to the Slime Pits.
 18993 | Orc      | Found Ufuy's Distillery.
 19004 | Orc      | Bought a potion of degeneration for 12 gold pieces
 19004 | Orc      | Bought a potion of magic for 60 gold pieces
 19378 | Orc      | Noticed an orc warlord
 19449 | Orc      | Killed an orc warlord
 19451 | Orc      | Reached skill level 5 in Charms
 19528 | Orc      | Noticed an orc warlord
 19623 | Orc      | Killed an orc warlord
 19952 | Orc      | Found Kuitwom's Food Emporium.
 19970 | Orc      | Found Saonu Wae's Antique Weapon Shop.
 19971 | Orc      | Found a roughly hewn altar of Beogh.
 19972 | Orc      | Found Penlupun's Assorted Antiques.
 19982 | Orc      | Bought a small silver ring for 130 gold pieces
 19982 | Orc      | Bought a scroll of identify for 52 gold pieces
 19982 | Orc      | Bought a scroll labeled MEUSOA YJINI for 26 gold pieces
 19998 | Orc      | Found Ublotsol's Assorted Antiques.
 20014 | Orc      | Bought a hardcover book for 495 gold pieces
 20014 | Orc      | Bought a leatherbound book for 495 gold pieces
 20223 | D:9      | Found a hazy altar of Hepliaklqana.
 20793 | D:9      | Reached skill level 5 in Air Magic
 20794 | D:9      | Found a bloodstained altar of Trog.
 20815 | D:9      | Reached XP level 15. HP: 86/86 MP: 21/35
 20988 | D:9      | Offered knowledge of Icicle Burst by Vehumet.
 21106 | D:9      | Learned a level 7 spell: Icicle Burst
 21153 | D:9      | Found a corrupted altar of Lugonu.
 21409 | Forest:1 | Entered Level 1 of the Spriggan Forest
 21494 | Forest:1 | Noticed a wendigo
 22048 | Forest:1 | Noticed a wendigo
 22052 | Forest:1 | Killed a wendigo
 22081 | Forest:1 | Reached skill level 1 in Ice Magic
 22091 | Forest:1 | Killed a wendigo
 22368 | Swamp:1  | Entered Level 1 of the Swamp
 22449 | Lair:2   | HP: 4/86 [shambling mangrove (10)]
 22452 | Lair:2   | Demolished by a shambling mangrove

Skill      XL: |  1  2  3  4  5  6  7  8  9 10 11 12 13 14 15 |
---------------+----------------------------------------------+-----
Spellcasting   | 3 4 5 7 9 12 13 14 | 14.0
Conjurations   | 6 7 8 9 10 12 13 15 | 15.0
Dodging        | 3 4 8 10 11 13 | 13.0
Fighting       | 1 2 5 7 |  7.0
Charms         | 2 9 |  9.0
Air Magic      | 2 3 5 9 |  9.0
Fire Magic     | 1 8 12 | 12.0
Necromancy     | 5 |  5.0
Ice Magic      | 4 |  4.7
Stealth        | |  2.1
Unarmed Combat | |  0.6

Action                   |  1- 3 |  4- 6 |  7- 9 | 10-12 | 13-15 || total
-------------------------+-------+-------+-------+-------+-------++-------
Melee: Dagger            |     1 |     1 |       |       |       ||     2
       Unarmed           |       |     4 |     5 |    29 |       ||    38
       Staff             |       |       |       |    36 |    44 ||    80
       Punch             |       |       |       |       |     2 ||     2
 Cast: Magic Dart        |    63 |   107 |     4 |       |       ||   174
       Searing Ray       |     2 |     8 |       |       |       ||    10
       Iskenderun's Myst |       |    11 |   118 |   314 |   384 ||   827
       Sticky Flame      |       |       |       |     4 |    49 ||    53
       Fireball          |       |       |       |       |    76 ||    76
       Deflect Missiles  |       |       |       |       |     1 ||     1
Evoke: Wand              |       |       |     2 |    20 |     6 ||    28
       Phantom mirror    |       |       |       |       |     1 ||     1
  Use: Scroll            |     1 |     4 |     7 |     5 |     7 ||    24
       Potion            |       |     3 |       |     1 |     4 ||     8
 Stab: Paralysed         |       |       |       |     7 |    10 ||    17
  Eat: Chunk             |     1 |    10 |    15 |    26 |    30 ||    82
       Ration            |       |       |       |     1 |     1 ||     2
Armor: Robe              |     1 |    15 |     4 |       |       ||    20
       Leather armour    |       |       |     9 |    38 |    69 ||   116
Dodge: Dodged            |    10 |    33 |    25 |   189 |   456 ||   713
       Deflected         |       |       |       |       |     2 ||     2
